General information
- name: Local Game (DJOrwell)
- type: Custom game
- host: DJOrwell
- saver: DJOrwell
map: RoadToStratholme
- players: 2
- length: 33:34
- speed: Fast
- version: 1.26 W3XP
- replay type: Public
» download(157 KB)
Players
team 1 (winner)
DJOrwell (
red | 56 APM | 1868 actions | 33:34)
8 Death Knight
3 Death Coil
3 Unholy Aura
1 Animate Dead
1 Death Pact
» actions
| Assign group hotkey | 30 | |
| Basic commands | 1 | |
| Build / train | 119 | |
| Enter build submenu | 33 | |
| Enter hero's abilities submenu | 8 | |
| Give item / drop item | 1 | |
| Remove unit from queue | 11 | |
| Right click | 1043 | |
| Select / deselect | 362 | |
| Select group hotkey | 203 | |
| Use ability | 57 | |
1868 total
» units
| Acolyte | 15 | |
| Ghoul | 15 | |
| Crypt Fiend | 14 | |
| Gargoyle | 7 | |
| Forest Troll Shadow Priest | 1 | |
| Necromancer | 2 | |
| Banshee | 6 | |
| Meatwagon | 1 | |
| Obsidian Statue | 2 | |
| Abomination | -1 | |
62 total
» upgrades
| Unholy Strength | 3 | |
| Creature Attack | 3 | |
| Creature Carapace | 3 | |
| Unholy Armor | 2 | |
| Cannibalize | 1 | |
| Ghoul Frenzy | 1 | |
| Web | 1 | |
| Burrow | 1 | |
| Stone Form | 1 | |
| Necromancer Training | 2 | |
| Banshee Training | 2 | |
| Skeletal Longevity | 1 | |
| Skeletal Mastery | 1 | |
| Exhume Corpses | 1 | |
| Destroyer Form | 1 | |
| Disease Cloud | 1 | |
25 total
» buildings
| Crypt | 1 | |
| Ziggurat | 11 | |
| Graveyard | 1 | |
| Nerubian Tower | 1 | |
| Altar of Darkness | 1 | |
| Tomb of Relics | 1 | |
| Spirit Tower | 8 | |
| Halls of the Dead | 1 | |
| Black Citadel | 1 | |
| Sacrificial Pit | 2 | |
| Temple of the Damned | 1 | |
| Slaughterhouse | 1 | |
30 total
» build order
00:10 Crypt
00:14 Ziggurat
00:20 Ziggurat
01:03 Graveyard
01:32 Nerubian Tower
01:44 Ziggurat
02:02 Altar of Darkness
02:28 Tomb of Relics
02:40 Spirit Tower
03:55 Halls of the Dead
05:10 Ziggurat
05:24 Ziggurat
07:07 Spirit Tower
07:08 Spirit Tower
07:19 Black Citadel
07:32 Ziggurat
09:12 Ziggurat
10:50 Spirit Tower
10:50 Spirit Tower
10:54 Ziggurat
10:55 Ziggurat
11:00 Ziggurat
11:06 Ziggurat
17:14 Spirit Tower
17:15 Spirit Tower
17:15 Spirit Tower
17:25 Sacrificial Pit
17:35 Sacrificial Pit
17:46 Temple of the Damned
17:48 Slaughterhouse
» items
team 2 (loser)
HAL9001 (
blue | 54 APM | 1811 actions | 33:33)
4 Blood Mage
2 Flame Strike
2 Banish
3 Pandaren Brewmaster
1 Drunken Haze
1 Breath of Fire
1 Drunken Brawler
» actions
| Build / train | 84 | |
| Enter build submenu | 19 | |
| Enter hero's abilities submenu | 8 | |
| Give item / drop item | 1 | |
| Remove unit from queue | 6 | |
| Right click | 1010 | |
| Select / deselect | 603 | |
| Use ability | 74 | |
1811 total
» units
| Peasant | 5 | |
| Footman | 13 | |
| Rifleman | 14 | |
| Flying Machine | 17 | |
| Gryphon Rider | 4 | |
| Goblin Zeppelin | 1 | |
54 total
» upgrades
| Masonry | 1 | |
| Defend | 1 | |
| Long Rifles | 1 | |
| Gunpowder | 2 | |
| Armor | 2 | |
| Flak Cannons | 1 | |
| Flare | 0 | |
| Storm Hammers | 1 | |
| Flying Machine Bombs | 1 | |
10 total
» buildings
| Barracks | 1 | |
| Altar of Kings | 1 | |
| Lumber Mill | 2 | |
| Farm | 8 | |
| Keep | 1 | |
| Blacksmith | 1 | |
| Gryphon Aviary | 1 | |
| Workshop | 1 | |
| Castle | 1 | |
| Town Hall | 1 | |
18 total
» build order
00:07 Barracks
00:11 Altar of Kings
01:00 Lumber Mill
01:16 Farm
02:21 Farm
05:06 Keep
05:21 Farm
08:23 Blacksmith
09:25 Gryphon Aviary
10:33 Workshop
10:48 Farm
11:22 Castle
15:20 Farm
15:55 Farm
16:28 Farm
16:34 Lumber Mill
19:40 Farm
23:40 Town Hall
» items
| Periapt of Vitality | 1 | |
| Scroll of Protection | 1 | |
2 total
Chat log
(27:35 / All) HAL9001: fucking hate how undead can just summon at gold mines
(28:40 / All) HAL9001: shit
(28:52 / All) HAL9001: I can't really even think of an effective counter against undead
(33:24 / All) HAL9001: fucking jew fiends
(33:24 / All) HAL9001: gg
(33:27 / All) DJOrwell: gg